Map: Frozen Temple

Players

Miszu

  • Race: Terran Terran
  • League: Master

Sacsri - Winner!

  • Race: Zerg Zerg
  • League: Grandmaster

VOD

Have the link to the VOD?

Description

Time

  • Played on: June 11, 2016, 12:51 p.m.
  • Length: 5:30
Show
View Real Time Build Order
Export as new Build Order

Miszu Terran 

Build Orders: Reaper Expand 

Get SALT Encoding   

  12  0:01  SCV  
  13  0:13  SCV  
  14  0:17  Supply Depot  
  14  0:25  SCV  
  15  0:39  SCV  
  15  0:41  Barracks  
  16  0:44  Refinery  
  16  0:51  SCV  
  17  1:03  SCV  
  18  1:15  SCV  
  19  1:27  Orbital Command  
  19  1:28  Reaper  
  20  1:41  Command Center  
  20  1:54  Supply Depot, SCV  
  20  2:00  Marine  
  22  2:06  SCV  
  23  2:10  Factory  
  23  2:18  SCV  
  23  2:21  Barracks Reactor  
  24  2:30  SCV  
  24  2:42  SCV  
  25  2:45  Command Center  
  25  2:54  SCV, Orbital Command  
  26  3:02  Barracks Tech Lab  
  26  3:07  SCV  
  26  3:09  Hellion x2  
  31  3:19  SCV  
  32  3:20  SCV  
  32  3:22  Marine, Stimpack  
  34  3:31  SCV  
  35  3:35  Barracks, SCV  
  35  3:38  Factory Reactor  
  36  3:44  Barracks, SCV  
  36  3:48  Supply Depot, Marine  
  37  3:53  SCV  
  39  3:56  SCV  
  39  3:59  Orbital Command  
  39  4:02  Refinery  
  40  4:05  SCV  
  40  4:08  SCV  
  40  4:09  Marine  
  43  4:15  Engineering Bay  
  43  4:16  Engineering Bay  
  43  4:17  SCV  
  43  4:20  SCV  
  45  4:25  SCV  
  45  4:28  Refinery, Marine  
  45  4:29  Marine, Refinery  
  45  4:30  SCV  
  49  4:32  SCV  
  49  4:37  SCV  
  51  4:39  Marine x2  
  51  4:41  Factory Reactor  
  51  4:44  SCV x2  
  56  4:46  Starport  
  56  4:50  Orbital Command  
  55  4:55  Supply Depot x2  
  55  4:56  SCV x2  
  55  4:59  Marine x2  
  59  5:00  Marine  
  60  5:08  SCV x2  
  60  5:10  Marine x2  
  64  5:16  SCV  
Show
View Real Time Build Order
Export as new Build Order

Sacsri Zerg - Winner!

Build Orders: Hatch First 

Get SALT Encoding   

  12  0:01  Drone  
  13  0:13  Overlord  
  13  0:28  Drone  
  13  0:33  Drone x2  
  16  0:39  Drone  
  17  0:54  Hatchery  
  17  0:56  Drone  
  17  1:01  Drone  
  18  1:04  Extractor  
  17  1:12  Drone  
  17  1:17  Spawning Pool  
  17  1:24  Drone  
  18  1:33  Drone  
  19  1:44  Drone  
  20  1:57  Overlord  
  20  2:04  Queen  
  20  2:06  Zergling x2, Queen  
  20  2:07  Zergling x2  
  26  2:16  Zergling x2  
  26  2:18  Drone  
  28  2:35  Overlord  
  28  2:37  Drone  
  29  2:39  Drone  
  29  2:40  Drone  
  29  2:43  Queen  
  33  2:49  Drone x2  
  35  2:57  Pneumatized Carapace  
  35  2:58  Overlord  
  35  3:02  Drone  
  36  3:10  Drone  
  37  3:13  Drone x3  
  37  3:14  Drone  
  37  3:15  Drone x3  
  44  3:23  Drone  
  44  3:26  Drone  
  46  3:31  Roach Warren  
  45  3:34  Drone x2  
  47  3:42  Hatchery  
  46  3:52  Overlord  
  46  3:53  Overlord  
  46  3:54  Extractor  
  45  4:00  Drone x3  
  45  4:02  Overlord  
  48  4:05  Metabolic Boost  
  48  4:12  Roach  
  48  4:13  Roach x3  
  48  4:16  Roach  
  58  4:24  Roach x2  
  58  4:25  Roach  
  58  4:26  Roach  
  58  4:28  Roach  
  58  4:30  Roach x2  
  72  4:33  Roach  
  72  4:36  Zergling x2  
  75  4:40  Zergling x2  
  76  4:53  Overlord  
  76  4:56  Zergling x2  
  76  4:58  Zergling x8  
  76  4:59  Ravager  
  82  5:01  Overlord  
  82  5:02  Overlord  
  82  5:12  Zergling x8  
  82  5:13  Ravager x2  
Tags
 
Add a new tag
Caveats
  • Supply blocks, unpowered buildings, or Contaminate may cause inaccurate times.
  • Supply counts are checked every 10 seconds.